MLB
DETROIT TIGERS @ MINNESOTA TWINS
08/23/2019
 
TOP OF THE 1ST
Detroit Tigers batting - Pitching for Minnesota Twins : RHP Matt Harvey
Pitching: RHP Matt Harvey
Batting: RHB Jean Segura 0-0: Called Strike
0-1: Ball
1-1: Swinging Strike
1-2: Strikes out looking
Batting: RHB Starling Marte 0-0: Bunt for hit to 2R - play at first, batter safe!
Batting: LHB Corey Dickerson 0-0: Ball
Wild Pitch!
Starling Marte to second
1-0: SINGLE (Groundball, 34D, EV 101.9 MPH)
Starling Marte to third
Batting: RHB Khris Davis 0-0: Ball
1-0: Ball
2-0: Called Strike
2-1: Called Strike
2-2: Strikes out swinging
Batting: SHB Kendrys Morales 0-0: Called Strike
0-1: Fly out, F7 (Flyball, 78S, EV 78.8 MPH)
Top of the 1st over - 0 runs, 2 hits, 0 errors, 2 left on base; Detroit 0 - Minnesota 0
BOTTOM OF THE 1ST
Minnesota Twins batting - Pitching for Detroit Tigers : RHP Jacob deGrom
Pitching: RHP Jacob deGrom
Batting: RHB Whit Merrifield 0-0: Ball
1-0: Swinging Strike
1-1: Swinging Strike
1-2: Ball
2-2: SINGLE (Groundball, 15, EV 68.1 MPH) (infield hit)
Batting: RHB Miguel Rojas 0-0: Called Strike
0-1: Ball
1-1: Ball
2-1: Ball
3-1: Foul Ball, location: 2F
3-2: SINGLE (Groundball, 6MD, EV 100.0 MPH)
Whit Merrifield to second
Runner from 2nd tries for 3rd, SAFE, no throw by CF
Batting: LHB Freddie Freeman 0-0: Called Strike
0-1: Ball
1-1: DOUBLE (Line Drive, 3D, EV 100.0 MPH)
Whit Merrifield scores
Miguel Rojas to third
Batting: RHB Carlos Correa 0-0: Called Strike
0-1: Ball
1-1: Swinging Strike
1-2: Foul Ball, location: 2F
1-2: Strikes out looking
Batting: LHB Derek Dietrich 0-0: Called Strike
0-1: Ball
1-1: Ball
2-1: Swinging Strike
2-2: Foul Ball, location: 2F
2-2: Foul Ball, location: 2F
2-2: Foul Ball, location: 2F
2-2: Strikes out swinging
Batting: RHB Avisail Garcia 0-0: Called Strike
0-1: Foul Ball, location: 2F
0-2: Strikes out swinging
Bottom of the 1st over - 1 run, 3 hits, 0 errors, 2 left on base; Detroit 0 - Minnesota 1
TOP OF THE 2ND
Detroit Tigers batting - Pitching for Minnesota Twins : RHP Matt Harvey
Batting: RHB George Springer 0-0: Called Strike
0-1: Foul Ball, location: 2F
0-2: Ball
1-2: Ground out 6-3 (Groundball, 6, EV 83.1 MPH)
Batting: RHB Elias Diaz 0-0: Called Strike
0-1: Ground out U3 (Groundball, 34S, EV 86.9 MPH)
Batting: LHB Kolten Wong 0-0: SOLO HOME RUN (Flyball, 9D, EV 93.8 MPH), Distance : 398 ft
Batting: RHB J.D. Davis 0-0: Called Strike
0-1: Ball
1-1: Fly out, F8 (Line Drive, 8LD, EV 91.9 MPH)
Top of the 2nd over - 1 run, 1 hit, 0 errors, 0 left on base; Detroit 1 - Minnesota 1
BOTTOM OF THE 2ND
Minnesota Twins batting - Pitching for Detroit Tigers : RHP Jacob deGrom
Batting: RHB Adam Jones 0-0: Swinging Strike
0-1: Foul Ball, location: 2F
0-2: Ground out 5-3 (Groundball, 56S, EV 60.0 MPH)
Batting: RHB Howie Kendrick 0-0: Ball
1-0: Ball
2-0: SINGLE (Line Drive, 9S, EV 91.9 MPH)
Batting: RHB Chris Iannetta 0-0: Foul Ball, location: 2F
0-1: Ball
1-1: Ball
2-1: Foul Ball, location: 2F
2-2: Fly out, F9 (Flyball, 9S, EV 83.1 MPH)
Batting: RHB Whit Merrifield 0-0: Ball
1-0: Ball
2-0: Ball
3-0: Base on Balls
Howie Kendrick to second
Batting: RHB Miguel Rojas 0-0: Ball
1-0: Ball
2-0: Called Strike
2-1: Foul Ball, location: 2F
2-2: Fly out, F3 (Line Drive, 3, EV 60.6 MPH)
Bottom of the 2nd over - 0 runs, 1 hit, 0 errors, 2 left on base; Detroit 1 - Minnesota 1
TOP OF THE 3RD
Detroit Tigers batting - Pitching for Minnesota Twins : RHP Matt Harvey
Batting: RHB Jean Segura 0-0: Ball
1-0: Ball
2-0: Called Strike
2-1: Fly out, F6 (Line Drive, 6, EV 72.5 MPH)
Batting: RHB Starling Marte 0-0: Called Strike
0-1: DOUBLE (Line Drive, 9LM, EV 101.3 MPH)
Batting: LHB Corey Dickerson 0-0: Called Strike
0-1: Foul Ball, location: 2F
0-2: Foul Ball, location: 2F
0-2: Ball
1-2: Strikes out looking
Batting: RHB Khris Davis 0-0: Ball
1-0: Swinging Strike
1-1: Foul Ball, location: 2F
1-2: Ball
Wild Pitch!
Starling Marte to third
2-2: Strikes out looking
Top of the 3rd over - 0 runs, 1 hit, 0 errors, 1 left on base; Detroit 1 - Minnesota 1
BOTTOM OF THE 3RD
Minnesota Twins batting - Pitching for Detroit Tigers : RHP Jacob deGrom
Batting: LHB Freddie Freeman 0-0: Ball
1-0: Ball
2-0: Foul Ball, location: 2F
2-1: Foul Ball, location: 2F
2-2: Ball
3-2: Base on Balls
Batting: RHB Carlos Correa 0-0: Swinging Strike
0-1: Foul Ball, location: 2F
0-2: Ball
1-2: Strikes out swinging
Batting: LHB Derek Dietrich 0-0: Ball
1-0: Ball
2-0: Ball
3-0: Called Strike
3-1: Foul Ball, location: 2F
3-2: Hit by Pitch
Freddie Freeman to second
Batting: RHB Avisail Garcia 0-0: Swinging Strike
0-1: Ball
1-1: Foul Ball, location: 2F
1-2: Ball
2-2: Foul Ball, location: 2F
2-2: Foul Ball, location: 2F
2-2: Ball
3-2: Strikes out looking
Batting: RHB Adam Jones 0-0: Called Strike
0-1: Fly out, F9 (Line Drive, 9, EV 91.9 MPH)
Bottom of the 3rd over - 0 runs, 0 hits, 0 errors, 2 left on base; Detroit 1 - Minnesota 1
TOP OF THE 4TH
Detroit Tigers batting - Pitching for Minnesota Twins : RHP Matt Harvey
Batting: SHB Kendrys Morales 0-0: Foul Ball, location: 2F
0-1: Ball
1-1: Ball
2-1: Ground out 4-3 (Groundball, 4, EV 86.3 MPH)
Batting: RHB George Springer 0-0: Ball
1-0: Ball
2-0: Called Strike
2-1: Ball
3-1: Called Strike
3-2: Foul Ball, location: 2F
3-2: Base on Balls
Batting: RHB Elias Diaz 0-0: Ball
1-0: SINGLE (Line Drive, 34D, EV 95.0 MPH)
George Springer to second
George Springer to third
Batting: LHB Kolten Wong 0-0: Ball
1-0: Hit by Pitch
Elias Diaz to second
Batting: RHB J.D. Davis 0-0: Ball
1-0: Ball
2-0: Fly out, F6 (Line Drive, 6, EV 71.3 MPH)
Batting: RHB Jean Segura 0-0: Ball
1-0: Ground out 5-3 (Groundball, 56S, EV 86.3 MPH)
Top of the 4th over - 0 runs, 1 hit, 0 errors, 3 left on base; Detroit 1 - Minnesota 1
BOTTOM OF THE 4TH
Minnesota Twins batting - Pitching for Detroit Tigers : RHP Jacob deGrom
Batting: RHB Howie Kendrick 0-0: Ground out 5-3 (Groundball, 56, EV 81.3 MPH)
Batting: RHB Chris Iannetta 0-0: Swinging Strike
0-1: Foul Ball, location: 2F
0-2: Strikes out swinging
Batting: RHB Whit Merrifield 0-0: Ball
1-0: Foul Ball, location: 2F
1-1: Called Strike
1-2: Ball
2-2: Ground out 4-3 (Groundball, 34, EV 85.6 MPH)
Bottom of the 4th over - 0 runs, 0 hits, 0 errors, 0 left on base; Detroit 1 - Minnesota 1
TOP OF THE 5TH
Detroit Tigers batting - Pitching for Minnesota Twins : RHP Matt Harvey
Batting: RHB Starling Marte 0-0: Called Strike
0-1: Called Strike
0-2: Strikes out swinging
Batting: LHB Corey Dickerson 0-0: Ball
1-0: SOLO HOME RUN (Line Drive, 89XD, EV 105.0 MPH), Distance : 406 ft
Batting: RHB Khris Davis 0-0: Ball
1-0: Ball
2-0: SINGLE (Line Drive, 89M, EV 85.6 MPH)
Batting: SHB Kendrys Morales 0-0: Ball
1-0: Foul Ball, location: 2F
1-1: Grounds into double play, 4-6-3 (Groundball, 4, EV 82.5 MPH)
Top of the 5th over - 1 run, 2 hits, 0 errors, 0 left on base; Detroit 2 - Minnesota 1
BOTTOM OF THE 5TH
Minnesota Twins batting - Pitching for Detroit Tigers : RHP Jacob deGrom
Batting: RHB Miguel Rojas 0-0: Ground out 4-3 (Groundball, 4, EV 100.6 MPH)
Batting: LHB Freddie Freeman 0-0: Foul Ball, location: 2F
0-1: Fly out, F9 (Flyball, 9LSF, EV 83.1 MPH)
Batting: RHB Carlos Correa 0-0: Swinging Strike
0-1: Swinging Strike
0-2: Strikes out swinging
Bottom of the 5th over - 0 runs, 0 hits, 0 errors, 0 left on base; Detroit 2 - Minnesota 1
TOP OF THE 6TH
Detroit Tigers batting - Pitching for Minnesota Twins : RHP Matt Harvey
Batting: RHB George Springer 0-0: Swinging Strike
0-1: Foul Ball, location: 2F
0-2: Strikes out swinging
Batting: RHB Elias Diaz 0-0: Ground out 4-3 (Groundball, 4, EV 86.3 MPH)
Batting: LHB Kolten Wong 0-0: Ball
1-0: Ball
2-0: Foul Ball, location: 2F
2-1: Ball
3-1: SINGLE (Groundball, 56, EV 88.8 MPH) (infield hit)
Batting: RHB J.D. Davis 0-0: Called Strike
0-1: Ball
1-1: Called Strike
1-2: Strikes out swinging
Top of the 6th over - 0 runs, 1 hit, 0 errors, 1 left on base; Detroit 2 - Minnesota 1
BOTTOM OF THE 6TH
Minnesota Twins batting - Pitching for Detroit Tigers : RHP Jacob deGrom
Batting: LHB Derek Dietrich 0-0: Called Strike
0-1: Ball
1-1: Foul Ball, location: 2F
1-2: Foul Ball, location: 2F
1-2: Strikes out swinging
Batting: RHB Avisail Garcia 0-0: Ball
1-0: Fly out, F7 (Flyball, 7LS, EV 91.9 MPH)
Batting: RHB Adam Jones 0-0: Ball
1-0: Foul Ball, location: 2F
1-1: Ball
2-1: Ground out 6-3 (Groundball, 6, EV 90.0 MPH)
Bottom of the 6th over - 0 runs, 0 hits, 0 errors, 0 left on base; Detroit 2 - Minnesota 1
TOP OF THE 7TH
Detroit Tigers batting - Pitching for Minnesota Twins : RHP Matt Harvey
Batting: RHB Jean Segura 0-0: Ball
1-0: Ball
2-0: Called Strike
2-1: Swinging Strike
2-2: Ball
3-2: Foul Ball, location: 2F
3-2: Foul Ball, location: 2F
3-2: Base on Balls
Pitching: RHP Nick B. Anderson
Batting: RHB Starling Marte 0-0: Called Strike
0-1: Ball
1-1: Ball
2-1: Called Strike
2-2: Fly out, F9 (Flyball, 9S, EV 90.6 MPH)
Batting: LHB Corey Dickerson 0-0: Ball
1-0: Fielders Choice at 2nd, 1-6 (Groundball, 23, EV 85.6 MPH)
Batting: RHB Khris Davis 0-0: Ball
1-0: Ball
2-0: Fly out, F9 (Flyball, 9LS, EV 91.9 MPH)
Top of the 7th over - 0 runs, 0 hits, 0 errors, 1 left on base; Detroit 2 - Minnesota 1
BOTTOM OF THE 7TH
Minnesota Twins batting - Pitching for Detroit Tigers : RHP Jacob deGrom
Batting: RHB Howie Kendrick 0-0: Ball
1-0: Ball
2-0: Ground out 6-3 (Groundball, 6, EV 104.4 MPH)
Batting: RHB Chris Iannetta 0-0: Ball
1-0: Called Strike
1-1: Swinging Strike
1-2: Fly out, F8 (Flyball, 8RS, EV 86.3 MPH)
Batting: RHB Whit Merrifield 0-0: Called Strike
0-1: Called Strike
0-2: Ground out 4-3 (Groundball, 34, EV 106.3 MPH)
Bottom of the 7th over - 0 runs, 0 hits, 0 errors, 0 left on base; Detroit 2 - Minnesota 1
TOP OF THE 8TH
Detroit Tigers batting - Pitching for Minnesota Twins : RHP Nick B. Anderson
Pitching: RHP Trey Wingenter
Batting: SHB Kendrys Morales 0-0: Ground out 6-3 (Groundball, 6, EV 85.0 MPH)
Batting: RHB George Springer 0-0: Called Strike
0-1: Ground out 4-3 (Groundball, 34, EV 76.3 MPH)
Batting: RHB Elias Diaz 0-0: Foul Ball, location: 2F
0-1: Foul Ball, location: 2F
0-2: Strikes out swinging
Top of the 8th over - 0 runs, 0 hits, 0 errors, 0 left on base; Detroit 2 - Minnesota 1
BOTTOM OF THE 8TH
Minnesota Twins batting - Pitching for Detroit Tigers : RHP Jacob deGrom
Pitching: RHP Pedro Baez
Batting: RHB Miguel Rojas 0-0: Ball
1-0: Called Strike
1-1: Ball
2-1: Swinging Strike
2-2: Ball
3-2: Base on Balls
Batting: LHB Freddie Freeman 0-0: Called Strike
0-1: Ball
1-1: Called Strike
1-2: Strikes out swinging
Batting: RHB Carlos Correa 0-0: Foul Ball, location: 2F
0-1: Foul Ball, location: 2F
0-2: Ball
1-2: Ball
2-2: Ball
3-2: Foul Ball, location: 2F
3-2: Base on Balls
Miguel Rojas to second
Pitching: RHP Hector Neris
Batting: LHB Derek Dietrich 0-0: Foul Ball, location: 2F
0-1: DOUBLE (Flyball, 89XD, EV 95.6 MPH)
Miguel Rojas scores
Carlos Correa to third
Batting: RHB Avisail Garcia 0-0: Ball
1-0: Foul Ball, location: 2F
1-1: Ball
2-1: Foul Ball, location: 2F
2-2: Strikes out swinging
Batting: RHB Adam Jones 0-0: Swinging Strike
0-1: Ball
1-1: Foul Ball, location: 2F
1-2: Ground out 6-3 (Groundball, 6, EV 80.6 MPH)
Bottom of the 8th over - 1 run, 1 hit, 0 errors, 2 left on base; Detroit 2 - Minnesota 2
TOP OF THE 9TH
Detroit Tigers batting - Pitching for Minnesota Twins : RHP Trey Wingenter
Batting: LHB Kolten Wong 0-0: Ball
1-0: Called Strike
1-1: Foul Ball, location: 2F
1-2: Fly out, F8 (Line Drive, 8RM, EV 92.5 MPH)
Batting: RHB J.D. Davis 0-0: Called Strike
0-1: Swinging Strike
0-2: Ball
1-2: Ball
2-2: Strikes out swinging
Batting: RHB Jean Segura 0-0: Foul Ball, location: 2F
0-1: Ground out 5-3 (Groundball, 56, EV 76.3 MPH)
Top of the 9th over - 0 runs, 0 hits, 0 errors, 0 left on base; Detroit 2 - Minnesota 2
BOTTOM OF THE 9TH
Minnesota Twins batting - Pitching for Detroit Tigers : RHP Hector Neris
Batting: RHB Howie Kendrick 0-0: Called Strike
0-1: Fly out, F8 (Flyball, 8LM, EV 81.3 MPH)
Pinch Hitting: LHB Jay Bruce 0-0: Swinging Strike
0-1: Ball
1-1: Called Strike
1-2: Foul Ball, location: 2F
1-2: Foul Ball, location: 2F
1-2: Foul Ball, location: 2F
1-2: Ball
2-2: Fly out, F7 (Flyball, 7D, EV 100.6 MPH)
Batting: RHB Whit Merrifield 0-0: Ball
1-0: Ball
2-0: Called Strike
2-1: Fly out, F9 (Flyball, 9S, EV 85.0 MPH)
Bottom of the 9th over - 0 runs, 0 hits, 0 errors, 0 left on base; Detroit 2 - Minnesota 2
TOP OF THE 10TH
Detroit Tigers batting - Pitching for Minnesota Twins : RHP Trey Wingenter
Pitching: RHP Victor Arano
Now at C: Roberto Perez
Batting: RHB Starling Marte 0-0: Swinging Strike
0-1: Called Strike
0-2: Strikes out swinging
Batting: LHB Corey Dickerson 0-0: Called Strike
0-1: Ball
1-1: Ball
2-1: Called Strike
2-2: Ball
3-2: Base on Balls
Batting: RHB Khris Davis 0-0: Ball
1-0: Called Strike
1-1: Ball
2-1: Ball
3-1: Called Strike
3-2: Foul Ball, location: 2F
3-2: Foul Ball, location: 2F
3-2: Strikes out swinging
Corey Dickerson is caught stealing 2nd base 2-4
Batter strikes out.
Top of the 10th over - 0 runs, 0 hits, 0 errors, 0 left on base; Detroit 2 - Minnesota 2
BOTTOM OF THE 10TH
Minnesota Twins batting - Pitching for Detroit Tigers : RHP Hector Neris
Pitching: LHP Zack Britton
Batting: RHB Miguel Rojas 0-0: Swinging Strike
0-1: Ball
1-1: Foul Ball, location: 2F
1-2: Foul Ball, location: 2F
1-2: DOUBLE (Flyball, 8LXD, EV 100.6 MPH)
Batting: LHB Freddie Freeman 0-0: Called Strike
0-1: Foul Ball, location: 2F
0-2: Foul Ball, location: 2F
0-2: Ball
1-2: Ball
2-2: Ball
3-2: Strikes out swinging
Batting: RHB Carlos Correa 0-0: Intentional Walk
Pitching: RHP Tyler Chatwood
Batting: LHB Derek Dietrich 0-0: Ball
1-0: Called Strike
1-1: Foul Ball, location: 2F
1-2: Strikes out swinging
Batting: RHB Avisail Garcia 0-0: Foul Ball, location: 2F
0-1: Fielders Choice at 2nd, 5-4 (Groundball, 5, EV 84.4 MPH)
Bottom of the 10th over - 0 runs, 1 hit, 0 errors, 2 left on base; Detroit 2 - Minnesota 2
TOP OF THE 11TH
Detroit Tigers batting - Pitching for Minnesota Twins : RHP Victor Arano
Batting: SHB Kendrys Morales 0-0: Called Strike
0-1: Foul Ball, location: 2F
0-2: Strikes out swinging, 2-3 out at first.
Batting: RHB George Springer 0-0: Ball
1-0: Called Strike
1-1: Foul Ball, location: 2F
1-2: Strikes out swinging, 2-3 out at first.
Batting: RHB Elias Diaz 0-0: Ball
1-0: Ball
2-0: Swinging Strike
2-1: Called Strike
2-2: Strikes out swinging
Top of the 11th over - 0 runs, 0 hits, 0 errors, 0 left on base; Detroit 2 - Minnesota 2
BOTTOM OF THE 11TH
Minnesota Twins batting - Pitching for Detroit Tigers : RHP Tyler Chatwood
Batting: RHB Adam Jones 0-0: Called Strike
0-1: Called Strike
0-2: Strikes out looking
Batting: RHB Howie Kendrick 0-0: Ball
1-0: Called Strike
1-1: Foul Ball, location: 2F
1-2: Ball
2-2: Foul Ball, location: 2F
2-2: Strikes out swinging
Batting: RHB Roberto Perez 0-0: Ball
1-0: Called Strike
1-1: Called Strike
1-2: Ball
2-2: Ball
3-2: Strikes out swinging
Bottom of the 11th over - 0 runs, 0 hits, 0 errors, 0 left on base; Detroit 2 - Minnesota 2
TOP OF THE 12TH
Detroit Tigers batting - Pitching for Minnesota Twins : RHP Victor Arano
Batting: LHB Kolten Wong 0-0: Ball
1-0: Swinging Strike
1-1: Called Strike
1-2: Ball
2-2: Strikes out looking
Pitching: LHP Colin Poche
Batting: RHB J.D. Davis 0-0: Ball
1-0: Ball
2-0: Ball
3-0: Base on Balls
Batting: RHB Jean Segura 0-0: Called Strike
0-1: Ball
1-1: Called Strike
1-2: Ball
2-2: Grounds into double play, 6-4-3 (Groundball, 6, EV 99.4 MPH)
Top of the 12th over - 0 runs, 0 hits, 0 errors, 0 left on base; Detroit 2 - Minnesota 2
BOTTOM OF THE 12TH
Minnesota Twins batting - Pitching for Detroit Tigers : RHP Tyler Chatwood
Batting: RHB Whit Merrifield 0-0: Foul Ball, location: 2F
0-1: Ball
1-1: Ball
2-1: Ground out 2-3 (Groundball, 2L, EV 71.3 MPH)
Batting: RHB Miguel Rojas 0-0: Ground out 4-3 (Groundball, 4, EV 78.8 MPH)
Batting: LHB Freddie Freeman 0-0: Called Strike
0-1: Ball
1-1: Ball
2-1: Swinging Strike
2-2: Foul Ball, location: 2F
2-2: Strikes out looking
Bottom of the 12th over - 0 runs, 0 hits, 0 errors, 0 left on base; Detroit 2 - Minnesota 2
TOP OF THE 13TH
Detroit Tigers batting - Pitching for Minnesota Twins : LHP Colin Poche
Batting: RHB Starling Marte 0-0: Ball
1-0: Ball
2-0: Ball
3-0: Called Strike
3-1: Called Strike
3-2: Ground out 3-1 (Groundball, 34, EV 87.5 MPH)
Batting: LHB Corey Dickerson 0-0: Called Strike
0-1: Ball
1-1: Ball
2-1: Ball
3-1: Base on Balls
Batting: RHB Khris Davis 0-0: Fly out, F2 (Popup, 23F, EV 93.1 MPH)
Batting: SHB Kendrys Morales 0-0: Called Strike
0-1: Foul Ball, location: 2F
0-2: Foul Ball, location: 2F
0-2: Foul Ball, location: 2F
0-2: Ball
1-2: SINGLE (Line Drive, 4D, EV 102.5 MPH)
Corey Dickerson to second
Pinch Runner at 2nd Roman Quinn:
Batting: RHB George Springer 0-0: Ball
1-0: Called Strike
1-1: Swinging Strike
1-2: Ball
2-2: Foul Ball, location: 2F
2-2: Strikes out looking
Top of the 13th over - 0 runs, 1 hit, 0 errors, 2 left on base; Detroit 2 - Minnesota 2
BOTTOM OF THE 13TH
Minnesota Twins batting - Pitching for Detroit Tigers : RHP Tyler Chatwood
Now in LF: Roman Quinn
Batting: RHB Carlos Correa 0-0: Ball
1-0: Called Strike
1-1: Foul Ball, location: 2F
1-2: Ball
2-2: Ball
3-2: Base on Balls
Pitching: RHP Wilmer Font
Batting: LHB Derek Dietrich 0-0: Swinging Strike
0-1: Ball
1-1: Foul Ball, location: 2F
1-2: Ball
2-2: Ball
3-2: Strikes out swinging
Batting: RHB Avisail Garcia 0-0: Called Strike
0-1: Ball
1-1: Swinging Strike
1-2: Strikes out swinging
Batting: RHB Adam Jones 0-0: Ball
1-0: DOUBLE (Line Drive, 89D, EV 109.4 MPH)
Carlos Correa to third
Batting: RHB Howie Kendrick 0-0: Intentional Walk
Batting: RHB Roberto Perez 0-0: Foul Ball, location: 2F
0-1: SINGLE (Flyball, 78M, EV 97.5 MPH)
Carlos Correa scores
Wednesday, November 27th, 2019 - OOTP Baseball 20.8 Build 73